 Dungeon Crawl Stone Soup version 0.31-a0-542-gdc2a67831c (webtiles) character file.

Game seed: 11653599180548390736

277 Demosthentine the Poker (level 6, 47/47 HPs)
             Began as a Demonspawn Gladiator on Aug 14, 2023.
             Got out of the dungeon alive.
             The game lasted 00:02:54 (2466 turns).

Demosthentine the Poker (Demonspawn Gladiator)      Turns: 2466, Time: 00:02:55

Health: 47/47      AC:  7    Str: 16    XL:     6   Next: 4%
Magic:  6/6        EV: 13    Int: 10    God:
Gold:   293        SH:  0    Dex: 14    Spells: 5/5 levels left

rFire   . . .        a - +1 trident
rCold   . . .        (no shield)
rNeg    . . .        b - +0 leather armour
rPois   .            c - +0 helmet
rElec   .            (no cloak)
rCorr   .            j - +2 pair of gloves
SInv    .            (no boots)
Will    .....        (no amulet)
Stlth   +            (no ring)
HPRegen 0.27/turn    (no ring)
MPRegen 0.10/turn

%: no passive effects
@: studying Polearms
A: claws 1, foul stench 1
a: no special abilities


You escaped.
You visited 1 branch of the dungeon, and saw 4 of its levels.

You collected 293 gold pieces.

Inventory:

Hand Weapons
 a - a +1 trident (weapon)
Missiles
 e - 4 javelins
Armour
 b - a +0 leather armour (worn)
 c - a +0 helmet (worn)
 j - a +2 pair of gloves (worn)
Scrolls
 f - a scroll of enchant weapon
 l - 2 scrolls of identify
 n - a scroll of teleportation
Potions
 g - 2 potions of resistance
 i - a potion of enlightenment
 k - 2 potions of curing {unknown}
 m - a potion of mutation {unknown}


   Skills:
 + Level 3.5 Fighting
 + Level 4.1 Polearms
 - Level 1.7 Throwing
 + Level 2.5 Armour
 + Level 3.9 Dodging


You had 5 spell levels left.
You didn't know any spells.
Your spell library contained the following spells:

 Spells                   Type           Power      Damage    Failure   Level
 Blink                    Tloc           0%         N/A       56%         2
 Vhi's Electric Charge    Tloc/Air       0%         N/A       80%         3
 Manifold Assault         Tloc           0%         N/A       99%         4
 Arcjolt                  Conj/Air       0%         1d10      100%        5
 Maxwell's Capacitive Co  Air            0%         ∞         100%        8


Dungeon Overview and Level Annotations

Branches:
Dungeon (4/15)
 Temple: D:4-7

Altars:
Yredelemnul

Shops:
D:1 [

Annotations:
D:4 1 transporter, Menkaure


Innate Abilities, Weirdness & Mutations

You have sharp fingernails.
You may rarely emit foul miasma when damaged in melee.


Message History

The iguana is moderately wounded.
You hit the iguana but do no damage.
The iguana is moderately wounded.
The iguana struggles against the net. x2
You hit the iguana but do no damage.
The iguana is moderately wounded.
The iguana struggles against the net.
You catch the helpless iguana completely off-guard!
You hit the iguana.
The iguana is severely wounded.
The iguana struggles against the net.
You hit the iguana.
You kill the iguana!
You have reached level 6!
Your demonic ancestry asserts itself...
Your fingernails lengthen.
You start resting.
Your transformation is almost over.
You feel less wooden.
Your +0 helmet unmelds from your body.
Your +2 pair of gloves unmelds from your body.
Your +0 leather armour unmelds from your body.
You start resting.
HP restored.
You start waiting.
Done waiting.
What level of the Dungeon? (default 4, ? - help)
There is a stone staircase leading up here.
You climb upwards.
There is a stone staircase leading down here.
There is a stone staircase leading up here.
You climb upwards.
There is a stone staircase leading down here.
There is a stone staircase leading up here.
You climb upwards.
There is a stone staircase leading down here.
You enter the shallow water.
Moving in this stuff is going to be slow.
There is a staircase leading out of the dungeon here.
You have escaped!

.#.......♣.............♣#..#
#.##..♣♣♣~♣....PP.....♣~♣♣♣#
#.##.♣...♣~♣..PPPP...♣~♣...♣#####
...÷♣.....♣~♣PPPPPPP♣~♣.....♣...[
..##♣......♣~♣PPPPP♣~♣......♣####
#.##♣......P♣~♣PPP♣~♣P......♣
#...♣.....PPP♣~♣♣♣~♣PP......♣
#.##.♣...PPPPP♣~~~♣PPPP....♣####
#)##..♣..PPPPP♣~@~♣PPPPP..♣....#
#..#.♣....PPPP♣~~~♣PPPPP...♣##.#
....♣......PP♣~♣♣♣~♣PPP.....♣#.#
#..#♣......P♣~♣PPP♣~♣P......♣#.#
#..#♣......♣~♣PPPPP♣~♣....).♣#.#
#..#♣.....♣~♣PPPPPPP♣~♣.....♣#.#
#....♣...♣~♣..PPPP...♣~♣...♣##)#
......♣♣♣~♣....PP.....♣~♣♣♣# #.##
##.......♣.............♣# #...


There were no monsters in sight!

Vanquished Creatures
  A scorpion (D:4)
  A hound (D:4)
  Terence (D:2)
  Jessica (D:2)
  An iguana (D:4)
  A gnoll (D:1)
  4 adders
  2 dart slugs (D:1)
  An orc (D:4)
  6 ball pythons
  5 endoplasms
  4 giant cockroaches
  3 goblins
  6 hobgoblins
  6 jackals
  5 kobolds
  4 bats
  7 frilled lizards
  6 rats
65 creatures vanquished.

Notes
Turn   | Place    | Note
-------+----------+-------------------------------------------
     0 | D:1      | Demosthentine the Demonspawn Gladiator began the quest for
                  | the Orb.
     0 | D:1      | Reached XP level 1. HP: 16/16 MP: 1/1
    42 | D:1      | Found Woghips's Antique Armour Emporium.
   117 | D:1      | You fall into a shaft and drop 1 floor!
   221 | D:1      | Gained mutation: You may rarely emit foul miasma when
                  | damaged in melee. [demonic ancestry]
   221 | D:1      | Reached XP level 2. HP: 15/22 MP: 2/2
   392 | D:1      | Reached skill level 3 in Polearms
   505 | D:1      | Reached skill level 1 in Armour
   542 | D:1      | Reached XP level 3. HP: 22/28 MP: 3/3
   844 | D:2      | Noticed Terence
   863 | D:2      | Noticed Jessica
   871 | D:2      | Killed Jessica
   872 | D:2      | Reached XP level 4. HP: 26/34 MP: 4/4
  1212 | D:2      | Killed Terence
  1401 | D:3      | Reached XP level 5. HP: 40/41 MP: 5/5
  1797 | D:3      | Identified a scroll of acquirement
  1797 | D:3      | Acquired a manual of Polearms
  1977 | D:4      | Reached skill level 4 in Polearms
  2036 | D:4      | Found a basalt altar of Yredelemnul.
  2038 | D:4      | Noticed Menkaure
  2041 | D:4      | Noticed a phantom
  2046 | D:4      | Found a transporter.
  2134 | D:4      | Gained mutation: You have sharp fingernails. [demonic
                  | ancestry]
  2134 | D:4      | Reached XP level 6. HP: 16/47 MP: 6/6
  2466 | D:$      | Got out of the dungeon alive.

Illustrated notes

Levels and vault maps discovered:
D:1:      orjb1_clovarrival, layout_loops_ring, serial_shops, shop
D:2:      layout_rooms, minmay_tetromino_t2, uniq_terence, uniq_jessica
D:3:      layout_basic, hangedman_abyss_or_decor_lesser_grid,
          hangedman_decor_riveting, minmay_distorted
D:4:      layout_basic, mainiacjoe_overflow_brackets,
          gammafunk_temple_of_torment, hangedman_feature_mirror,
          hangedman_decor_growths, minmay_liquid_box

Skill      XL: |  1  2  3  4  5 |
---------------+----------------+-----
Dodging        | 3 |  3.9
Polearms       | 3 4 |  4.1
Armour         | 1 2 |  2.5
Fighting       | 3 |  3.5
Throwing       | |  1.7

Action                     |  1- 3 |  4- 6 || total
---------------------------+-------+-------++-------
  Melee: Trident           |    88 |   119 ||   207
  Throw: Throwing net      |       |     3 ||     3
    Use: Scroll            |     1 |     7 ||     8
         Potion            |       |     1 ||     1
   Stab: Sleeping          |     3 |       ||     3
         Held in net/web   |       |     1 ||     1
 Armour: Leather armour    |    28 |    18 ||    46
         Skin              |       |     3 ||     3
  Dodge: Dodged            |    38 |    62 ||   100

Table legend: (Time is in decaauts)
 A = Elapsed time spent in this place.
 B = Non-inter-level travel time spent in this place.
 C = Inter-level travel time spent in this place.
 D = Time resting spent in this place.
 E = Time spent auto-exploring this place.
 F = Levels seen in this place.
 G = Mean time per level.
                   A        B        C        D        E       F      G
               +--------+--------+--------+--------+--------+-----+--------+
         Total |   2509 |   2381 |    128 |    266 |   1632 |   4 |  627.2 |
       Dungeon |   2509 |   2381 |    128 |    266 |   1632 |   4 |  627.2 |
               +--------+--------+--------+--------+--------+-----+--------+

Top non-repeatable levels by time:
     D:1: 833 daAuts
     D:4: 578 daAuts
     D:2: 550 daAuts
     D:3: 547 daAuts
